 Dungeon Crawl Stone Soup version 0.22-a0-86-g94e0ad4 (console) character file.

6312 Evablue the Basher (level 10, -7/92 HPs)
             Began as a Naga Fighter on Jan 20, 2018.
             Was a Priest of Okawaru.
             Mangled by a komodo dragon (17 damage)
             ... on level 1 of the Lair of Beasts.
             The game lasted 00:26:06 (11550 turns).

Evablue the Basher (Naga Fighter)                  Turns: 11550, Time: 00:26:07

Health: -7/92      AC: 18    Str: 22    XL:     10   Next: 95%
Magic:  8/10       EV:  7    Int:  9    God:    Okawaru [***...]
Gold:   563        SH: 12    Dex: 10    Spells: 9/9 levels left

rFire    + + .     SeeInvis +   B - +0 morningstar
rCold    . . .     Gourm    .   c - +0 shield
rNeg     . . .     Faith    .   L - +0 plate armour {rF+}
rPois    +         Spirit   .   u - +1 helmet
rElec    .         Reflect  .   p - +1 cloak {+Inv}
rCorr    .         Harm     .   (no gloves)
MR       ++...                  (no barding)
Stlth    ..........             (no amulet)
HPRegen  0.25/turn              l - ring of protection from magic
MPRegen  0.12/turn              M - ring of protection from fire

@: heroism, very slow
A: large, see invisible, deformed body, poison resistance, slowness 2, slow
metabolism 1, spit poison 1, AC +3
a: Spit Poison, Heroism, Renounce Religion, Evoke Invisibility


You were on level 1 of the Lair of Beasts.
You worshipped Okawaru.
Okawaru was most pleased with you.
You were not hungry.

You visited 3 branches of the dungeon, and saw 11 of its levels.
You also visited: Ossuary.

You collected 563 gold pieces.

Inventory:

Hand Weapons
 a - a +0 flail
 B - a +0 morningstar (weapon)
 H - a +1 flail of draining
 K - a +1 flail of crushing
Armour
 b - a +0 scale mail
 c - a +0 shield (worn)
 h - a +0 large shield
 m - a +0 helmet
 o - a +0 chain mail
 p - a +1 cloak of invisibility (worn)
 u - a +1 helmet (worn)
 L - a +0 plate armour of fire resistance (worn)
Jewellery
 l - a ring of protection from magic (left hand)
 M - a ring of protection from fire (right hand)
Scrolls
 e - 21 scrolls of identify {unknown}
 g - 2 scrolls of immolation {unknown}
 n - 7 scrolls of remove curse {unknown}
 r - 2 scrolls of magic mapping {unknown}
 s - 4 scrolls of fog {unknown}
 t - a scroll of noise {unknown}
 y - 2 scrolls of amnesia {unknown}
 C - 4 scrolls of random uselessness {unknown}
 E - a scroll of teleportation {unknown}
 F - 4 scrolls of enchant armour {unknown}
 G - 2 scrolls of enchant weapon {unknown}
Potions
 d - 2 potions of might
 i - 2 potions of resistance {unknown}
 j - 6 potions of curing
 k - 2 potions of flight {unknown}
 q - a potion of lignification {unknown}
 v - a potion of brilliance {unknown}
 w - 2 potions of magic {unknown}
 x - a potion of heal wounds {unknown}
 z - 3 potions of cancellation {unknown}
 A - 2 potions of agility {unknown}
 D - a potion of invisibility {unknown}
 J - a potion of mutation {unknown}
Books
 I - a book of Misfortune

   Spells                             Type                      Level
   a - Confusing Touch                Hexes                        1
   b - Confuse                        Hexes                        3
   c - Gell's Gravitas                Translocation                3
   d - Petrify                        Transmutation/Earth          4
   e - Metabolic Englaciation         Hexes/Ice                    5
   f - Yara's Violent Unravelling     Hexes/Transmutation          5
Comestibles
 f - 15 rations


   Skills:
 + Level 6.8(11.8) Fighting
 + Level 10.4(15.4) Maces & Flails
 + Level 6.7(11.7) Armour
 + Level 2.1(7.1) Dodging
 + Level 6.8(11.8) Shields
 + Level 1.0 Invocations


You had 9 spell levels left.
You didn't know any spells.

Dungeon Overview and Level Annotations

Branches:
Dungeon (9/15)             Temple (1/1) D:6            Lair (1/6) D:9
    Orc: D:9-12

Altars:
Ashenzari
Cheibriados
Dithmenos
Elyvilon
Fedhas
Gozag
Hepliaklqana
Kikubaaqudgha
Nemelex Xobeh
Okawaru
Qazlal
Ru
Sif Muna
Trog
Uskayaw
Vehumet
Wu Jian
Xom
Yredelemnul
Zin
The Shining One

Shops:
D:5 :   D:6 (   D:8 [

Annotations:
D:9 1 runed door


Innate Abilities, Weirdness & Mutations

You cannot wear boots.
Your serpentine skin is tough. (AC +3)
You have supernaturally acute eyesight. (SInv)
Armour fits poorly on your strangely shaped body.
Your system is resistant to poisons. (rPois)
You cover ground very slowly.
You have a slow metabolism.
You can spit poison.


Message History

Okawaru accepts your kill.
A komodo dragon comes into view.
You hear the slow rumble of a distant avalanche of rocks.
The komodo dragon hisses angrily.
You block the yak's attack. The yak gores you but does no damage.
You see here a yak corpse.
You feel like a meek peon again.
You gain the combat prowess of a mighty hero.
The yak barely misses you.
You bludgeon the yak!!
The yak is severely wounded.
The yak gores you!
* * * LOW HITPOINT WARNING * * *
You puncture the yak!
You kill the yak!
Okawaru accepts your kill.
You sock the komodo dragon!
The komodo dragon is moderately wounded.
The komodo dragon bites you!
You die...

#### .#.
..# ##..
... #†##
#.@##
###l##
#..#
#<##
#...#
#...##
#Y.P.#
....#..
Y...)#.#


You could see a komodo dragon.

Vanquished Creatures
  Grinder (D:3)
  A hippogriff (D:8)
  A spriggan (D:7)
  4 fire bats (D:8)
  8 yaks
  A soldier ant (D:9)
  A hell hound (D:8)
  2 orc warriors (D:8)
  4 ice beasts
  3 sky beasts
  An ogre (D:4)
  2 centaurs
  2 crocodiles
  5 bullfrogs
  2 killer bees (D:9)
  2 howler monkeys
  15 wights
  A crimson imp (D:6)
  3 hounds
  2 lava snakes (D:8)
  A jelly (D:6)
  3 centaur skeletons
  3 orc priests
  Crazy Yiuf (D:2)
  5 orc wizards
  Terence (D:2)
  2 iguanas
  10 worker ants
  A killer bee zombie (D:6)
  5 big kobold zombies (Ossuary)
  2 hound zombies
  A mummy (Ossuary)
  A howler monkey zombie (D:5)
  Robin (D:4)
  A howler monkey skeleton (D:4)
  5 gnolls
  11 adders
  2 river rats (D:4)
  3 shadow imps
  2 oozes
  An adder skeleton (D:5)
  An adder zombie (D:6)
  6 worms
  4 dart slugs
  3 leopard geckos
  26 orcs
  5 spectral bats (Ossuary)
  4 ball pythons
  6 bats
  15 giant cockroaches
  7 gnoll zombies (Ossuary)
  21 goblins
  19 hobgoblins
  6 jackals
  5 quokkas
  2 bat simulacra (Ossuary)
  7 frilled lizards
  4 goblin simulacra (Ossuary)
  6 goblin zombies (Ossuary)
  5 hobgoblin zombies (Ossuary)
  A jackal zombie (D:7)
  10 kobolds
  5 kobold simulacra (Ossuary)
  4 kobold zombies (Ossuary)
  3 orc zombies (Ossuary)
  A quokka zombie (D:2)
  10 rats
  5 rat simulacra (Ossuary)
  4 spectral goblins (Ossuary)
  3 spectral kobolds (Ossuary)
  5 spectral rats (Ossuary)
  2 fungi
328 creatures vanquished.

Vanquished Creatures (others)
  A fire vortex (D:8)
  2 fungi
3 creatures vanquished.

Grand Total: 331 creatures vanquished

Notes
Turn   | Place    | Note
-------+----------+-------------------------------------------
     0 | D:1      | Evablue the Naga Fighter began the quest for the Orb.
     0 | D:1      | Reached XP level 1. HP: 21/21 MP: 1/1
    58 | D:1      | Reached XP level 2. HP: 18/28 MP: 2/2
   324 | D:1      | Reached XP level 3. HP: 20/34 MP: 3/3
   857 | D:2      | Reached XP level 4. HP: 28/42 MP: 4/4
  1293 | D:2      | Found a hazy altar of Hepliaklqana.
  1294 | D:2      | Found an ancient bone altar of Kikubaaqudgha.
  1435 | D:2      | Reached skill level 3 in Maces & Flails
  1842 | D:2      | Noticed Terence
  1865 | D:2      | Killed Terence
  1865 | D:2      | Reached XP level 5. HP: 18/49 MP: 5/5
  2166 | D:2      | Found a runed door.
  2170 | D:2      | Noticed Crazy Yiuf
  2177 | D:2      | Killed Crazy Yiuf
  2565 | D:3      | Noticed Grinder
  2576 | D:3      | Paralysed by Grinder for 7 turns
  2597 | D:3      | Killed Grinder
  2597 | D:3      | Reached skill level 4 in Maces & Flails
  2597 | D:3      | Reached XP level 6. HP: 10/57 MP: 6/6
  3420 | D:3      | Noticed an enchanted hand axe
  3420 | D:3      | Noticed a hand axe
  3465 | D:3      | Found a hide-covered altar of Uskayaw.
  3666 | D:4      | Noticed Robin
  3684 | D:3      | Reached XP level 7. HP: 54/64 MP: 7/7
  3720 | D:4      | Killed Robin
  3850 | D:4      | Reached skill level 5 in Maces & Flails
  3850 | D:4      | Reached skill level 1 in Dodging
  3933 | D:4      | You fall through a shaft for 2 floors!
  4078 | D:6      | Reached XP level 8. HP: 15/73 MP: 8/8
  4081 | D:6      | Found a sand-covered staircase.
  4088 | Ossuary  | Entered an ossuary
  4683 | Ossuary  | Reached skill level 6 in Maces & Flails
  4888 | D:5      | Entered Level 5 of the Dungeon
  5349 | D:5      | Found Tadaziemm's Book Shop.
  5404 | D:5      | Reached skill level 5 in Fighting
  5735 | D:4      | Reached skill level 7 in Maces & Flails
  5848 | D:4      | Found a shimmering altar of Xom.
  6280 | D:5      | Reached XP level 9. HP: 72/81 MP: 9/9
  6379 | D:6      | Found a staircase to the Ecumenical Temple.
  6483 | Temple   | Entered the Ecumenical Temple
  6547 | Temple   | Became a worshipper of Warmaster Okawaru
  6643 | D:6      | Reached skill level 5 in Shields
  6759 | D:6      | Reached skill level 5 in Armour
  6797 | D:6      | Found Qegayh's Antique Weapon Shop.
  7382 | D:7      | Reached skill level 8 in Maces & Flails
  7536 | D:7      | Reached * piety under Okawaru
  8210 | D:8      | HP: 3/82 [orc (2)]
  8473 | D:8      | Found a deep blue altar of Sif Muna.
  8484 | D:8      | Reached skill level 9 in Maces & Flails
  8484 | D:8      | Reached XP level 10. HP: 63/91 MP: 10/10
  8629 | D:8      | Reached ** piety under Okawaru
  9503 | D:9      | Found a shattered altar of Ashenzari.
  9696 | D:9      | Found a runed door.
  9712 | D:9      | Found a runed door.
  9762 | D:9      | Found a staircase to the Lair.
  9809 | D:9      | Reached *** piety under Okawaru
  9809 | D:9      | Reached skill level 10 in Maces & Flails
 10603 | D:8      | Reached skill level 1 in Invocations
 10641 | D:8      | Found Neniek's Antique Armour Shop.
 11495 | Lair:1   | Entered Level 1 of the Lair of Beasts
 11533 | Lair:1   | HP: 3/92 [yak (9)]
 11550 | Lair:1   | Mangled by a komodo dragon

Vault maps used:
D:1:      saegor_arrival_simple_a, minmay_tree_intersection,
          minmay_gold_behind_fungi, minmay_pentomino_x4
D:2:      grunt_temple_overflow_open, corexii_shack, uniq_terence,
          uniq_crazy_yiuf_cottage
D:3:      dancing_weapons_uskayaw, uniq_grinder
D:4:      kennysheep_mini_moat, lightli_sewer_entry_pipes, uniq_robin
D:5:      first_ration, serial_shops, shop
D:6:      minmay_temple_entry_crystal_x, nicolae_ossuary_entry_ruins,
          serial_shops, nicolae_shop_statue_plus
D:7:      the_bakery
D:8:      basic_altar, serial_shops, kennysheep_little_box,
          hangedman_incinerator
D:9:      lemuel_insect_pit, lair_entry_dummy, evilmike_ruin_ashenzari
Temple:   compressed_dpeg_circular_temple
Lair:1:   nicolae_volcano_entry_vermiform, grunt_megastairs_4
Ossuary:  ossuary_zaba_two_paths

Skill      XL: |  1  2  3  4  5  6  7  8  9 10 |
---------------+-------------------------------+-----
Armour         | 3 4 5 6 |  6.7
Maces & Flails | 3 4 5 7 9 10 | 10.4
Shields        | 3 4 5 6 |  6.8
Fighting       | 4 5 6 |  6.8
Dodging        | 1 2 |  2.1
Invocations    | 1 |  1.0

Action                   |  1- 3 |  4- 6 |  7- 9 | 10-12 || total
-------------------------+-------+-------+-------+-------++-------
Melee: Flail             |   178 |   241 |   596 |       ||  1015
       Morningstar       |       |       |   292 |   376 ||   668
Invok: Heroism           |       |       |     2 |     5 ||     7
 Abil: Spit Poison       |       |    13 |     2 |     4 ||    19
  Use: Potion            |       |       |     1 |     2 ||     3
  Eat: Chunk             |       |     9 |    11 |     7 ||    27
       Ration            |       |       |     1 |     1 ||     2
Armor: Scale mail        |    68 |    46 |       |       ||   114
       Chain mail        |       |   112 |   551 |       ||   663
       Plate armour      |       |       |     6 |   257 ||   263
Dodge: Dodged            |    54 |    43 |   180 |    69 ||   346
Block: Shield            |    91 |   144 |   457 |   217 ||   909
       Large shield      |     9 |       |       |       ||     9

Table legend:
 A = Spawn XP
 B = Non-spawn XP
 C = Spawn XP percentage of total XP
 D = Spawn monster count
 E = Non-spawn monster count
 F = Spawn count percentage of total count
 G = Total turns spent on level
                    A         B        C        D         E        F      G
               +---------+---------+-------+---------+---------+-------+---------
         Total |       0 |    9018 |   0.0 |       0 |     326 |   0.0 | 11550
               +---------+---------+-------+---------+---------+-------+---------
           D:1 |       0 |      73 |   0.0 |       0 |      34 |   0.0 |   792
           D:2 |       0 |     160 |   0.0 |       0 |      29 |   0.0 |  1427
           D:3 |       0 |     373 |   0.0 |       0 |      36 |   0.0 |  1458
           D:4 |       0 |     577 |   0.0 |       0 |      27 |   0.0 |   751
           D:5 |       0 |     530 |   0.0 |       0 |      17 |   0.0 |   920
           D:6 |       0 |     916 |   0.0 |       0 |      29 |   0.0 |  1107
           D:7 |       0 |    1113 |   0.0 |       0 |      26 |   0.0 |   961
           D:8 |       0 |    2005 |   0.0 |       0 |      26 |   0.0 |  1416
           D:9 |       0 |    2145 |   0.0 |       0 |      33 |   0.0 |  1911
        Lair:1 |       0 |     910 |   0.0 |       0 |       5 |   0.0 |    55
       Ossuary |       0 |     216 |   0.0 |       0 |      64 |   0.0 |   678
               +---------+---------+-------+---------+---------+-------+---------
